PCL
SAN JOSE MISSIONS @ GRESHAM GOLD SOULS
07/02/2026
 
TOP OF THE 1ST
San Jose Missions batting - Pitching for Gresham Gold Souls : RHP Martín Ortíz
Pitching: RHP Martín Ortíz
Batting: LHB Mel Jones 0-0: Ball
1-0: Swinging Strike
1-1: Ground out 1-3 (Groundball, 13)
Batting: RHB Jorge Díaz 0-0: Ball
1-0: Called Strike
1-1: Ball
2-1: DOUBLE (Line Drive, 89D)
Batting: RHB Ramón Ruíz 0-0: Ball
1-0: Foul Ball, location: 2F
1-1: Ball
2-1: Fly out, F8 (Flyball, 8RS)
Batting: RHB Dale Taylor 0-0: Ball
1-0: Called Strike
1-1: Foul Ball, location: 2F
1-2: Foul Ball, location: 2F
1-2: Foul Ball, location: 2F
1-2: Ball
2-2: Foul Ball, location: 2F
2-2: Foul Ball, location: 2F
2-2: Fly out, F9 (Flyball, 9D)
Top of the 1st over - 0 run(s), 1 hit(s), 0 error(s), 1 left on base; San Jose 0 - Gresham 0
BOTTOM OF THE 1ST
Gresham Gold Souls batting - Pitching for San Jose Missions : LHP Morgan O'Day
Pitching: LHP Morgan O'Day
Batting: RHB Peter Hensley 0-0: Called Strike
0-1: DOUBLE (Groundball, 5L)
Batting: RHB Claudio Guerra 0-0: Fly out, F8 (Flyball, 8LS)
Batting: LHB Vicente Bueno 0-0: Fly out, F3 (Popup, 3SF)
Batting: RHB Lorenzo Morín 0-0: Fly out, F7 (Flyball, 78D)
Bottom of the 1st over - 0 run(s), 1 hit(s), 0 error(s), 1 left on base; San Jose 0 - Gresham 0
TOP OF THE 2ND
San Jose Missions batting - Pitching for Gresham Gold Souls : RHP Martín Ortíz
Batting: RHB Chang-geun Kim 0-0: Foul Ball, location: 2F
0-1: Swinging Strike
0-2: Strikes out looking
Batting: RHB Andrew Benson 0-0: Ball
1-0: Ball
2-0: Called Strike
2-1: Foul Ball, location: 2F
2-2: Strikes out swinging
Batting: RHB Irwin Duncan 0-0: Called Strike
0-1: Ball
1-1: Swinging Strike
1-2: Strikes out swinging
Top of the 2nd over - 0 run(s), 0 hit(s), 0 error(s), 0 left on base; San Jose 0 - Gresham 0
BOTTOM OF THE 2ND
Gresham Gold Souls batting - Pitching for San Jose Missions : LHP Morgan O'Day
Batting: SHB Alexandre Chabot 0-0: Ball
1-0: Called Strike
1-1: Ground out 6-3 (Groundball, 6M)
Batting: LHB Jeff Doss 0-0: Ball
1-0: Ground out 1-3 (Groundball, 13)
Batting: SHB Todd Smith 0-0: Ball
1-0: Called Strike
1-1: Fly out, F8 (Flyball, 8LS)
Bottom of the 2nd over - 0 run(s), 0 hit(s), 0 error(s), 0 left on base; San Jose 0 - Gresham 0
TOP OF THE 3RD
San Jose Missions batting - Pitching for Gresham Gold Souls : RHP Martín Ortíz
Batting: RHB Kyle Williams 0-0: Swinging Strike
0-1: Fly out, F4 (Popup, 4S)
Batting: RHB Dale O'Feennaghty 0-0: SINGLE (Groundball, 6MD)
Batting: LHB Mel Jones 0-0: Called Strike
0-1: Ball
1-1: Called Strike
1-2: SINGLE (Line Drive, 5D)
Dale O'Feennaghty to second
Batting: RHB Jorge Díaz 0-0: Foul Ball, location: 2F
0-1: Called Strike
0-2: Ball
1-2: Ball
2-2: Foul Ball, location: 2F
2-2: Strikes out swinging
Batting: RHB Ramón Ruíz 0-0: Foul Ball, location: 2F
0-1: SINGLE (Line Drive, 8RS)
Dale O'Feennaghty to third
Mel Jones to second
Batting: RHB Dale Taylor 0-0: SINGLE (Line Drive, 78S)
Dale O'Feennaghty scores
Mel Jones to third
Ramón Ruíz to second
Batting: RHB Chang-geun Kim 0-0: Ball
1-0: Ball
2-0: Foul Ball, location: 2F
2-1: Called Strike
2-2: Ball
3-2: Fly out, F8 (Flyball, 8LXD)
Top of the 3rd over - 1 run(s), 4 hit(s), 0 error(s), 3 left on base; San Jose 1 - Gresham 0
BOTTOM OF THE 3RD
Gresham Gold Souls batting - Pitching for San Jose Missions : LHP Morgan O'Day
Batting: RHB Pablo Castillo 0-0: Called Strike
0-1: Ball
1-1: Fly out, F8 (Flyball, 8RD)
Batting: RHB Jim Edgar 0-0: Ball
1-0: Ball
2-0: SINGLE (Groundball, 56D) (infield hit)
Batting: RHB Peter Hensley 0-0: DOUBLE (Flyball, 8LD)
Jim Edgar to third
Runner from 3rd tries for Home, SAFE, no throw or cutoff
Batting: RHB Claudio Guerra 0-0: Ball
1-0: Ball
2-0: Fly out, F7 (Flyball, 78S)
Batting: LHB Vicente Bueno 0-0: Called Strike
0-1: Ball
1-1: Swinging Strike
1-2: Strikes out swinging
Bottom of the 3rd over - 1 run(s), 2 hit(s), 0 error(s), 1 left on base; San Jose 1 - Gresham 1
TOP OF THE 4TH
San Jose Missions batting - Pitching for Gresham Gold Souls : RHP Martín Ortíz
Batting: RHB Andrew Benson 0-0: Foul Ball, location: 2F
0-1: Ball
1-1: Foul Ball, location: 2F
1-2: Foul Ball, location: 2F
1-2: Strikes out swinging
Batting: RHB Irwin Duncan 0-0: Foul Ball, location: 2F
0-1: SINGLE (Groundball, 6) (infield hit)
Batting: RHB Kyle Williams 0-0: Called Strike
Irwin Duncan steals 2nd base
0-1: Foul Ball, location: 2F
0-2: Hit by Pitch
Batting: RHB Dale O'Feennaghty 0-0: Called Strike
0-1: Swinging Strike
0-2: Foul Ball, location: 2F
0-2: Ball
1-2: Foul Ball, location: 2F
1-2: Strikes out swinging
Batting: LHB Mel Jones 0-0: SINGLE (Line Drive, 56)
Irwin Duncan to third
Kyle Williams to second
Runner from 3rd tries for Home, SAFE, no throw or cutoff
Batting: RHB Jorge Díaz 0-0: Ground out 6-3 (Groundball, 6)
Top of the 4th over - 1 run(s), 2 hit(s), 0 error(s), 2 left on base; San Jose 2 - Gresham 1
BOTTOM OF THE 4TH
Gresham Gold Souls batting - Pitching for San Jose Missions : LHP Morgan O'Day
Batting: RHB Lorenzo Morín 0-0: Called Strike
0-1: Ball
1-1: Fly out, F8 (Flyball, 8LS)
Batting: SHB Alexandre Chabot 0-0: Called Strike
0-1: Foul Ball, location: 2F
0-2: Foul Ball, location: 2F
0-2: Ball
1-2: Ground out 4-3 (Groundball, 4)
Batting: LHB Jeff Doss 0-0: Fly out, F7 (Flyball, 8LD)
Bottom of the 4th over - 0 run(s), 0 hit(s), 0 error(s), 0 left on base; San Jose 2 - Gresham 1
TOP OF THE 5TH
San Jose Missions batting - Pitching for Gresham Gold Souls : RHP Martín Ortíz
Batting: RHB Ramón Ruíz 0-0: Called Strike
0-1: Fly out, F5 (Popup, 56S)
Batting: RHB Dale Taylor 0-0: Foul Ball, location: 2F
0-1: Ball
1-1: DOUBLE (Groundball, 5L)
Batting: RHB Chang-geun Kim 0-0: Ball
1-0: Fly out, F9 (Flyball, 89M)
Batting: RHB Andrew Benson 0-0: Ground out 6-3 (Groundball, 6)
Top of the 5th over - 0 run(s), 1 hit(s), 0 error(s), 1 left on base; San Jose 2 - Gresham 1
BOTTOM OF THE 5TH
Gresham Gold Souls batting - Pitching for San Jose Missions : LHP Morgan O'Day
Batting: SHB Todd Smith 0-0: Ball
1-0: Swinging Strike
1-1: Ball
2-1: Fly out, F7 (Line Drive, 7LM)
Batting: RHB Pablo Castillo 0-0: Ball
1-0: SINGLE (Line Drive, 6)
Batting: RHB Jim Edgar 0-0: Called Strike
0-1: Ball
1-1: Ball
2-1: Grounds into double play, U6-3 (Groundball, 6)
Bottom of the 5th over - 0 run(s), 1 hit(s), 0 error(s), 0 left on base; San Jose 2 - Gresham 1
TOP OF THE 6TH
San Jose Missions batting - Pitching for Gresham Gold Souls : RHP Martín Ortíz
Batting: RHB Irwin Duncan 0-0: Foul Ball, location: 2F
0-1: Foul Ball, location: 2F
0-2: Ball
1-2: Ball
2-2: Strikes out swinging
Batting: RHB Kyle Williams 0-0: Ball
1-0: SINGLE (Flyball, 89S)
Pitching: RHP José González
Batting: RHB Dale O'Feennaghty 0-0: Called Strike
0-1: Ball
1-1: Called Strike
1-2: Ball
2-2: Strikes out swinging
Batting: LHB Mel Jones 0-0: Ball
1-0: Ball
2-0: Fielders Choice at 2nd, U6 (Groundball, 6M)
Top of the 6th over - 0 run(s), 1 hit(s), 0 error(s), 1 left on base; San Jose 2 - Gresham 1
BOTTOM OF THE 6TH
Gresham Gold Souls batting - Pitching for San Jose Missions : LHP Morgan O'Day
Batting: RHB Peter Hensley 0-0: Called Strike
0-1: Foul Ball, location: 2F
0-2: Ball
1-2: Fly out, F9 (Flyball, 9M)
Batting: RHB Claudio Guerra 0-0: Called Strike
0-1: Ball
1-1: Ground out 4-3 (Groundball, 4M)
Batting: LHB Vicente Bueno 0-0: Ball
1-0: Called Strike
1-1: Ball
2-1: Foul Ball, location: 2F
2-2: SINGLE (Line Drive, 4D)
Batting: RHB Lorenzo Morín 0-0: Called Strike
0-1: SINGLE (Groundball, 4D)
Vicente Bueno to second
Runner from 2nd tries for 3rd, SAFE, throw made to third
Lorenzo Morín to second
Batting: SHB Alexandre Chabot 0-0: Ball
1-0: Foul Ball, location: 2F
1-1: Ball
2-1: Foul Ball, location: 2F
2-2: Fly out, F9 (Flyball, 89D)
Bottom of the 6th over - 0 run(s), 2 hit(s), 0 error(s), 2 left on base; San Jose 2 - Gresham 1
TOP OF THE 7TH
San Jose Missions batting - Pitching for Gresham Gold Souls : RHP José González
Batting: RHB Jorge Díaz 0-0: Ball
1-0: Foul Ball, location: 2F
1-1: Ground out 4-3 (Groundball, 4S)
Batting: RHB Ramón Ruíz 0-0: Ball
1-0: Foul Ball, location: 2F
1-1: Ball
2-1: Fly out, F9 (Line Drive, 9M)
Batting: RHB Dale Taylor 0-0: Foul Ball, location: 2F
0-1: Swinging Strike
0-2: Ball
1-2: Foul Ball, location: 2F
1-2: SINGLE (Groundball, 15S) (infield hit)
Pinch Hitting: LHB Miguel Montés 0-0: Ball
1-0: Hit by Pitch
Dale Taylor to second
Pinch Hitting: LHB Arturo Rivera 0-0: Ground out 4-3 (Groundball, 4)
Top of the 7th over - 0 run(s), 1 hit(s), 0 error(s), 2 left on base; San Jose 2 - Gresham 1
BOTTOM OF THE 7TH
Gresham Gold Souls batting - Pitching for San Jose Missions : LHP Morgan O'Day
Now at 2B: Kieran Farris
Now in CF: Miguel Montés
Batting: LHB Jeff Doss 0-0: Called Strike
0-1: Ball
1-1: Called Strike
1-2: Fly out, F8 (Flyball, 8LM)
Batting: SHB Todd Smith 0-0: Ground out 1-3 (Groundball, 25)
Batting: RHB Pablo Castillo 0-0: Ball
1-0: Swinging Strike
1-1: Fly out, F9 (Line Drive, 89M)
Bottom of the 7th over - 0 run(s), 0 hit(s), 0 error(s), 0 left on base; San Jose 2 - Gresham 1
TOP OF THE 8TH
San Jose Missions batting - Pitching for Gresham Gold Souls : RHP José González
Batting: RHB Irwin Duncan 0-0: Ball
1-0: Fly out, F9 (Flyball, 89S)
Pitching: RHP Isaac Coleman
Batting: RHB Kyle Williams 0-0: Ball
1-0: DOUBLE (Groundball, 3L)
Batting: RHB Dale O'Feennaghty 0-0: Foul Ball, location: 2F
0-1: Ball
1-1: Ball
2-1: Called Strike
2-2: Ground out 4-3 (Groundball, 4M)
Kyle Williams to third
Batting: LHB Mel Jones 0-0: DOUBLE (Groundball, 5L)
Kyle Williams scores
Batting: RHB Jorge Díaz 0-0: Ground out 4-3 (Groundball, 13)
Top of the 8th over - 1 run(s), 2 hit(s), 0 error(s), 1 left on base; San Jose 3 - Gresham 1
BOTTOM OF THE 8TH
Gresham Gold Souls batting - Pitching for San Jose Missions : LHP Morgan O'Day
Batting: RHB Jim Edgar 0-0: Swinging Strike
0-1: Ball
1-1: Ball
2-1: Ball
3-1: Swinging Strike
3-2: Fly out, F5 (Popup, 25F)
Batting: RHB Peter Hensley 0-0: Ball
1-0: Ground out 6-3 (Groundball, 6M)
Batting: RHB Claudio Guerra 0-0: Ball
1-0: Swinging Strike
1-1: Called Strike
1-2: SOLO HOME RUN (Line Drive, 7D), Distance : 373 ft
Batting: LHB Vicente Bueno 0-0: Ball
1-0: Called Strike
1-1: Ball
2-1: Ball
3-1: Base on Balls
Batting: RHB Lorenzo Morín 0-0: Fly out, F8 (Flyball, 8RXD)
Bottom of the 8th over - 1 run(s), 1 hit(s), 0 error(s), 1 left on base; San Jose 3 - Gresham 2
TOP OF THE 9TH
San Jose Missions batting - Pitching for Gresham Gold Souls : RHP Isaac Coleman
Batting: RHB Ramón Ruíz 0-0: Called Strike
0-1: Ball
1-1: Ball
2-1: Foul Ball, location: 2F
2-2: Ball
3-2: Base on Balls
Batting: RHB Dale Taylor 0-0: Foul Ball, location: 2F
0-1: Ball
1-1: Ball
2-1: Foul Ball, location: 2F
2-2: Strikes out looking
Batting: LHB Miguel Montés 0-0: Called Strike
0-1: Swinging Strike
0-2: Ball
1-2: Ball
2-2: Fly out, F7 (Flyball, 7LD)
Pinch Hitting: RHB Armando López 0-0: Called Strike
0-1: Swinging Strike
0-2: Strikes out swinging
Top of the 9th over - 0 run(s), 0 hit(s), 0 error(s), 1 left on base; San Jose 3 - Gresham 2
BOTTOM OF THE 9TH
Gresham Gold Souls batting - Pitching for San Jose Missions : LHP Morgan O'Day
Now at C: Elliott Rucker
Now at 1B: Jorge Comacho
Now at 2B: Goro Tanabe
Now at SS: Bobby Brewster
Batting: SHB Alexandre Chabot 0-0: Called Strike
0-1: SINGLE (Line Drive, 56)
Pinch Hitting: RHB Luke McIndoe 0-0: Ball
1-0: Ball
2-0: Bunted foul
2-1: Sac Bunt - play at first, batter OUT! 2-4
Alexandre Chabot to second
Batting: SHB Todd Smith 0-0: Ball
1-0: Ball
2-0: Foul Ball, location: 2F
2-1: Foul Ball, location: 2F
2-2: Ball
3-2: DOUBLE (Line Drive, 7LM)
Alexandre Chabot scores
Pitching: RHP Raúl García
Pinch Hitting: LHB Bill Smith 0-0: Intentional Walk
Pinch Hitting: RHB Pepe Medrano 0-0: Ball
1-0: Ball
2-0: Foul Ball, location: 2F
2-1: Foul Ball, location: 2F
2-2: SINGLE (Line Drive, 56)
Todd Smith to third
Bill Smith to second
Runner from 3rd tries for Home, SAFE, no throw or cutoff
Monday, December 5th, 2016 - OOTP Baseball 17.12 Build 75